 Dungeon Crawl Stone Soup version 0.27.1-4-g1640c2035a (webtiles) character file.

Game seed: 18325166854643195603

8145 ABBCCCDDDD the Severer (level 11, -1/151 HPs)
             Began as a Hill Orc Delver on Nov 4, 2021.
             Was a Believer of Trog.
             Killed by divine providence
             ... invoked by an orc priest
              (15 damage)
             ... on level 10 of the Dungeon.
             The game lasted 00:11:43 (13517 turns).

ABBCCCDDDD the Severer (Hill Orc Delver)           Turns: 13517, Time: 00:11:44

Health: -1/151     AC: 17    Str: 22    XL:     11   Next: 26%
Magic:  11/11      EV:  9    Int: 10    God:    Trog [**....]
Gold:   269        SH:  3    Dex: 12    Spells: 10/10 levels left

rFire    + . .     SeeInvis .   e - +3 broad axe
rCold    + . .     Faith    .   M - +0 buckler
rNeg     . . .     Spirit   .   l - +3 scale mail {rC+}
rPois    .         Reflect  .   i - +0 helmet
rElec    .         Harm     .   u - scarf {repulsion}
rCorr    .         Rampage  .   x - +0 pair of gloves {Str+3}
Will     ++...                  L - +2 pair of boots
Stlth    ..........             A - amulet of the acrobat
HPRegen  1.35/turn              z - ring of protection from fire
MPRegen  0.12/turn              (no ring)

@: berserking, strong-willed (expiring), regenerating (expiring), repel
missiles, very quick
A: no striking features
a: Renounce Religion, Convert to Beogh, Berserk, Trog's Hand


You were on level 10 of the Dungeon.
You worshipped Trog.
Trog was pleased with you.
You visited 2 branches of the dungeon, and saw 11 of its levels.
You also visited: Ossuary.

You collected 606 gold pieces.
You spent 337 gold pieces at shops.

Inventory:

Hand Weapons
 e - a +3 broad axe (weapon)
Missiles
 k - 20 poisoned darts (quivered)
 H - 4 silver javelins
 K - 2 javelins
Armour
 i - a +0 helmet (worn)
 l - a +3 scale mail of cold resistance (worn)
 u - a scarf of repulsion (worn)
 w - a +0 plate armour
 x - a +0 pair of gloves of strength (worn)
 L - a +2 pair of boots (worn)
 M - a +0 buckler (worn)
Jewellery
 z - a ring of protection from fire (left hand)
 A - an amulet of the acrobat (around neck)
Wands
 g - a wand of digging (3)
 n - a wand of flame (28)
 o - a wand of acid (22)
 C - a wand of mindburst (17)
Scrolls
 c - 5 scrolls of fog
 d - 2 scrolls of magic mapping
 p - 2 scrolls of blinking
 q - a scroll of torment
 s - a scroll of silence
 t - 5 scrolls of teleportation
 y - 3 scrolls of enchant armour
 B - a scroll of fear
 F - 2 scrolls of identify
 I - a scroll of noise {unknown}
 J - a scroll of enchant weapon
Potions
 a - 2 potions of lignification
 b - a potion of mutation
 f - a potion of berserk rage
 h - 2 potions of curing {unknown}
 j - 2 potions of flight {unknown}
 m - 3 potions of attraction {unknown}
 r - 6 potions of might
 v - 4 potions of degeneration {unknown}
 D - a potion of ambrosia {unknown}
 E - 2 potions of magic {unknown}
 G - 2 potions of heal wounds {unknown}


   Skills:
 + Level 10.8 Fighting
 * Level 15.1 Axes
 + Level 9.3 Armour
 - Level 1.5 Dodging
 - Level 4.1 Stealth
 * Level 0.5 Shields


You had 10 spell levels left.
You didn't know any spells.
Your spell library contained the following spells:

 Spells                   Type           Power      Damage    Failure   Level
 Pain                     Necr           0%         1d4       80%         1
 Ignite Poison            Fire/Tmut/Pois 0%         N/A       99%         3
 Mephitic Cloud           Conj/Pois/Air  0%         N/A       99%         3
 Agony                    Necr           0%         N/A       100%        5
 Bolt of Magma            Conj/Fire/Erth 0%         4d4       100%        5
 Excruciating Wounds      Necr           0%         N/A       100%        5


Dungeon Overview and Level Annotations

Branches:
Dungeon (10/15)            Temple (1/1) D:7            Lair (0/6) D:10
Ossuary (visited)
    Orc: D:9-12

Altars:
Ashenzari
Cheibriados
Dithmenos
Elyvilon
Fedhas
Gozag
Hepliaklqana
Kikubaaqudgha
Makhleb
Nemelex Xobeh
Okawaru
Qazlal
Ru
Sif Muna
Trog
Uskayaw
Vehumet
Wu Jian
Xom
Yredelemnul
Zin
The Shining One

Shops:
D:7 ?[(   D:8 ?   D:10 [

Annotations:
D:10 Snorg


Message History

You slash the orc priest! You closely miss Snorg.
Snorg bites you but does no damage. Snorg claws you! Snorg claws you.
The orc wizard hits you but does no damage.
The orc priest hits you but does no damage.
A red film seems to cover your vision as you go berserk!
You feel yourself moving faster!
You feel mighty! Snorg bites you! Snorg misses you. Snorg barely misses you.
The orc wizard barely misses you.
The orc priest hits you with a +0 dagger.
Snorg bites you. Snorg claws you! Snorg claws you.
You barely miss Snorg. You closely miss the orc wizard.
You hit the orc priest but do no damage.
You feel the effects of Trog's Hand fading.
You slice Snorg!!
Snorg is lightly wounded.
You barely miss the orc priest. You slash the orc wizard!
You kill the orc wizard!
Trog accepts your kill.
Trog appreciates your killing of a magic user.
Snorg bites you!
* * * LOW HITPOINT WARNING * * *
Snorg closely misses you. Snorg claws you but does no damage.
The orc priest looks encouraged for a moment.
You slice Snorg!!
Snorg is moderately wounded.
You barely miss the orc priest. You block Snorg's attack. Snorg claws you.
* * * LOW HITPOINT WARNING * * *
Snorg closely misses you.
You closely miss Snorg.
Snorg is moderately wounded.
The orc priest shouts, "Beogh is our master!
Accept the truth or die!"
You hit the orc priest.
The orc priest shouts, "Surrender to Beogh and we'll let you live!"
Snorg bites you!
* * * LOW HITPOINT WARNING * * *
Snorg claws you!
* * * LOW HITPOINT WARNING * * *
Snorg closely misses you.
The orc priest mumbles some strange prayers to Beogh against you.
Beogh smites you!
You die...

#..............................
#..............................
#..............................
#................=.............
#..................... .......
#..................... ......
#.....................
#.....................
#......#....#.@T..##
##########....#.o)......
..............#.........
..............#.........
..............#.........
####..........#.........
..............#.........
.........############.#. ###
.........#.......# #..


You could see Snorg (berserk) and an orc priest.

Levels and vault maps discovered:
D:1:      sevenhm_arrival_forest_fort_small_5, layout_basic,
          shapermc_ecumenical_altar_acropolis, minmay_pentomino_s2
D:2:      layout_rooms, basic_altar
D:3:      layout_loops_ring, nicolae_tso_carved_into_rock
D:4:      layout_layer_cave, roderic_batcave
D:5:      layout_layer_cave, kennysheep_mini_moat, serial_glass,
          glass_columns_c, glass_columns_a, glass_columns_a, glass_columns_c,
          glass_columns_b
D:6:      layout_cave_pools, kennysheep_vampire_church,
          mainiacjoe_overflow_alcove_4, uniq_maggie
D:7:      layout_cave_pools, grunt_temple_overflow_gold_and_silver,
          nicolae_wu_jian_immortal_techniques, temple_statues, minivault_24,
          minmay_misc_feat_secret_circle, st_stairs_7, nicolae_wooded_promenade,
          uniq_duvessa
D:8:      layout_basic, mainiacjoe_overflow_boulevard, serial_shops, shop,
          enter_ossuary_5, grunt_ministairs_8
D:9:      layout_rooms, mainiacjoe_overflow_concentric_impassable,
          nicolae_elyvilon_temple_path, old_standard_altar, uniq_pikel
D:10:     layout_grid_maze, mainiacjoe_overflow_alcove_1,
          fedhas_bush_and_centaur_altar, dpeg_oklobed_lair, serial_shops, shop,
          uniq_snorg
Temple:   compressed_dpeg_triangle_lava_temple

Notes
Turn   | Place    | Note
-------+----------+-------------------------------------------
     0 | D:5      | ABBCCCDDDD the Hill Orc Delver began the quest for the Orb.
     0 | D:5      | Reached XP level 1. HP: 19/19 MP: 1/1
   133 | D:2      | Reached skill level 3 in Axes
   133 | D:2      | Noticed an orc wizard
   207 | D:3      | Reached XP level 2. HP: 27/27 MP: 2/2
   310 | D:3      | Found a glowing golden altar of the Shining One.
   509 | D:2      | Found a sacrificial altar of Ru.
   579 | D:1      | Reached skill level 1 in Armour
   700 | D:1      | Reached XP level 3. HP: 30/31 MP: 3/3
  1019 | D:1      | Reached skill level 4 in Axes
  1223 | D:1      | Found a faded altar of an unknown god.
  1864 | D:2      | Reached XP level 4. HP: 31/40 MP: 4/4
  2990 | D:3      | Reached skill level 5 in Axes
  3755 | D:4      | Reached XP level 5. HP: 29/47 MP: 5/5
  4818 | D:4      | Reached skill level 5 in Fighting
  4818 | D:4      | Reached skill level 6 in Axes
  4818 | D:4      | Reached XP level 6. HP: 56/56 MP: 6/6
  4828 | D:4      | Noticed a necrophage
  4842 | D:4      | Killed a necrophage
  4918 | D:4      | Noticed a black bear
  4931 | D:4      | Killed a black bear
  4932 | D:4      | Reached skill level 7 in Axes
  4932 | D:4      | Reached XP level 7. HP: 43/61 MP: 7/7
  5801 | D:4      | Reached skill level 8 in Axes
  6066 | D:5      | Reached XP level 8. HP: 64/71 MP: 8/8
  6745 | D:5      | Found an iron altar of Okawaru.
  6980 | D:6      | Reached skill level 9 in Axes
  7266 | D:6      | Reached skill level 5 in Armour
  7412 | D:6      | Noticed Maggie
  7466 | D:6      | Killed Maggie
  7467 | D:6      | Reached skill level 10 in Axes
  7744 | D:6      | Found a radiant altar of Vehumet.
  7759 | D:6      | Reached XP level 9. HP: 52/80 MP: 9/9
  8070 | D:6      | Found an ancient bone altar of Kikubaaqudgha.
  8237 | D:7      | Noticed Duvessa
  8237 | D:7      | Noticed Dowan
  8247 | D:7      | Killed Dowan
  8248 | D:7      | Reached skill level 11 in Axes
  8268 | D:7      | Killed Duvessa
  8732 | D:7      | Found Qadi's Magic Scroll Shop.
  8739 | D:7      | Found Tuqoijaj's Armour Emporium.
  8741 | D:7      | Found Muafocw's Weapon Shop.
  8745 | D:7      | Bought a scroll of identify for 24 gold pieces
  8745 | D:7      | Bought a scroll of enchant armour for 90 gold pieces
  8745 | D:7      | Bought a scroll of teleportation for 36 gold pieces
  9020 | D:7      | Found a staircase to the Ecumenical Temple.
  9031 | Temple   | Entered the Ecumenical Temple
  9224 | Temple   | Became a worshipper of Trog the Wrathful
  9424 | D:7      | Reached skill level 12 in Axes
  9495 | D:7      | Found an ornate altar of the Wu Jian Council.
  9714 | D:7      | Found an opulent altar of Gozag.
  9714 | D:7      | Found a glowing silver altar of Zin.
  9714 | D:7      | Noticed a hornet
  9718 | D:7      | Killed a hornet
  9928 | D:8      | Noticed a troll
  9930 | D:8      | Killed a troll
  9943 | D:8      | Found a stormy altar of Qazlal.
  9988 | D:8      | Reached XP level 10. HP: 62/91 MP: 10/10
 10052 | D:8      | Found a sand-covered staircase.
 10083 | Ossuary  | Entered an ossuary
 10239 | Ossuary  | Reached * piety under Trog
 10303 | Ossuary  | Reached skill level 13 in Axes
 10772 | D:8      | Reached ** piety under Trog
 10821 | D:8      | Found Zimau's Magic Scroll Shop.
 11091 | D:9      | Found a burning altar of Makhleb.
 11882 | D:9      | Reached skill level 10 in Fighting
 11882 | D:9      | Reached skill level 14 in Axes
 12037 | D:9      | Found a hazy altar of Hepliaklqana.
 12234 | D:9      | Noticed Pikel
 12245 | D:9      | Killed Pikel
 12408 | D:9      | Found a white marble altar of Elyvilon.
 12415 | D:9      | Reached XP level 11. HP: 99/101 MP: 11/11
 12586 | D:10     | Entered Level 10 of the Dungeon
 12638 | D:10     | Found a blossoming altar of Fedhas.
 12825 | D:10     | Found Axkarewa's Antique Armour Boutique.
 12831 | D:10     | Bought a pair of embroidered boots for 187 gold pieces
 13209 | D:10     | Noticed a two-headed ogre
 13216 | D:10     | Killed a two-headed ogre
 13217 | D:10     | Reached skill level 15 in Axes
 13359 | D:10     | Found a staircase to the Lair.
 13459 | D:10     | Found a shimmering altar of Xom.
 13504 | D:10     | Noticed Snorg
 13517 | D:10     | Killed from afar by an orc priest

Table legend: (Time is in decaauts)
 A = Elapsed time spent in this place.
 B = Non-inter-level travel time spent in this place.
 C = Inter-level travel time spent in this place.
 D = Time resting spent in this place.
 E = Time spent auto-exploring this place.
 F = Levels seen in this place.
 G = Mean time per level.
                   A        B        C        D        E       F      G
               +--------+--------+--------+--------+--------+-----+--------+
         Total |  13523 |  13104 |    419 |   3744 |   7162 |  12 | 1126.9 |
       Dungeon |  13024 |  12622 |    402 |   3744 |   6824 |  10 | 1302.4 |
        Temple |    211 |    194 |     17 |      0 |    169 |   1 |  211.0 |
       Ossuary |    287 |    287 |      0 |      0 |    169 |   1 |  287.0 |
               +--------+--------+--------+--------+--------+-----+--------+

Top non-repeatable levels by time:
     D:4: 1788 daAuts
     D:3: 1740 daAuts
     D:6: 1566 daAuts
     D:1: 1524 daAuts
     D:8: 1202 daAuts
     D:9: 1172 daAuts
     D:7: 1171 daAuts
     D:5: 1020 daAuts
    D:10: 931 daAuts
     D:2: 906 daAuts
 Ossuary: 287 daAuts
  Temple: 211 daAuts

Table legend:
 A = Kills in this place as a percentage of kills in entire the game.
 B = Kills by you in this place as a percentage of kills by you in the entire game.
 C = Kills by friends in this place as a percentage of kills by friends in the entire game.
 D = Other kills in this place as a percentage of other kills in the entire game.
 E = Experience gained in this place as a percentage of experience gained in the entire game.
 F = Experience gained in this place divided by the number of levels of this place that you have seen.
                   A       B       C       D       E      F
               +-------+-------+-------+-------+-------+----------------------
         Total | 100.0 | 100.0 |   N/A |   N/A | 100.0 | 969.8
       Dungeon |  83.3 |  83.3 |   N/A |   N/A |  97.5 | 1134.7
       Ossuary |  16.7 |  16.7 |   N/A |   N/A |   2.5 | 290.0
               +-------+-------+-------+-------+-------+----------------------

Action                   |  1- 3 |  4- 6 |  7- 9 | 10-12 || total
-------------------------+-------+-------+-------+-------++-------
Melee: Hand axe          |   127 |   170 |   181 |       ||   478
       Broad axe         |       |       |   126 |   293 ||   419
Invok: Berserk           |       |       |       |     4 ||     4
       Trog's Hand       |       |       |       |     2 ||     2
Evoke: Wand              |       |       |     6 |       ||     6
  Use: Scroll            |       |       |     9 |     2 ||    11
       Potion            |       |       |     2 |     1 ||     3
 Stab: Sleeping          |     2 |     1 |       |       ||     3
Armor: Ring mail         |     3 |       |       |       ||     3
       Leather armour    |     1 |       |       |       ||     1
       Scale mail        |    57 |   136 |   180 |   132 ||   505
       Chain mail        |     4 |       |       |       ||     4
       Skin              |       |       |     2 |       ||     2
Dodge: Dodged            |    72 |   144 |   162 |   191 ||   569
       Repelled          |       |       |     3 |     2 ||     5
Block: Buckler           |       |       |       |     3 ||     3

Vanquished Creatures
  A two-headed ogre (D:10)
  Pikel (D:9)
  Maggie (D:6)
  A troll (D:8)
  2 hornets
  10 yaks
  A shadow (D:9)
  2 wyverns
  2 steam dragons
  Duvessa (D:7)
  3 orc warriors
  2 black bears (D:4)
  2 sky beasts
  5 ice beasts
  2 necrophages
  An ogre (D:7)
  6 centaurs
  A lemure (D:9)
  2 phantoms (D:7)
  An elf zombie (Ossuary)
  2 kobold brigands
  8 bullfrogs
  2 scorpions
  Dowan (D:7)
  4 wights (D:8)
  4 vampire bats
  3 howler monkeys (D:8)
  3 human zombies (Ossuary)
  A bullfrog zombie (D:5)
  2 centaur skeletons
  An orc priest (D:10)
  A bullfrog skeleton (D:6)
  2 iguanas
  9 orc wizards
  2 mummies (Ossuary)
  A howler monkey zombie (D:8)
  4 gnolls (D:7)
  2 adders
  A white imp (D:5)
  An ufetubus (D:4)
  An adder skeleton (D:4)
  6 worms
  A dart slug (D:3)
  24 orcs
  5 ball pythons
  2 bat skeletons (D:6)
  3 bat zombies (D:6)
  4 endoplasms
  A giant cockroach (D:1)
  5 hobgoblins
  4 jackals (D:1)
  17 kobolds
  11 bats
  5 frilled lizards
  5 goblins
  2 goblin zombies (Ossuary)
  5 hobgoblin zombies (Ossuary)
  2 jackal zombies (Ossuary)
  14 kobold zombies (Ossuary)
  8 orc zombies (Ossuary)
  7 rats
  2 rat zombies (Ossuary)
  2 bushes (D:10)
237 creatures vanquished.

Vanquished Creatures (others)
  16 plants
16 creatures vanquished.

Grand Total: 253 creatures vanquished
